 Dungeon Crawl Stone Soup version 0.28.0-53-g5a82cb258f (webtiles) character file.

Game seed: 3246685331166862662

17348 unlimited1921 the Thaumaturge (level 12, 0/88 HPs)
             Began as a Djinni Fire Elementalist on June 6, 2022.
             Was an Initiate of Yredelemnul.
             Slain by an ettin
             ... wielding a +0 dire flail of protection
              (18 damage)
             ... on level 12 of the Dungeon.
             The game lasted 01:55:29 (20615 turns).

unlimited1921 the Thaumaturge (DjFE)               Turns: 20615, Time: 01:55:32

Health: 0/88       AC: 15    Str:  7    XL:     12   Next: 81%
Gold:   646        EV: 14    Int: 22    God:    Yredelemnul [......] SH:  9 Dex: 25

rFire   + + .      SeeInvis .   R - +5 falchion (freeze)
rCold   x . .      Faith    .   n - +0 kite shield
rNeg    + . .      Spirit   .   E - +3 ring mail of Paranoia {rElec Dex+4}
rPois   ∞          Reflect  .   b - +0 hat {Will+}
rElec   +          Harm     .   r - +0 cloak of the Gate {Fly Dex+7}
rCorr   +          Rampage  .   P - +0 pair of gloves
Will    ++...                   (boots unavailable)
Stlth   +.........              (no amulet)
HPRegen 0.24/turn               p - +4 ring of protection
MPRegen 0.00/turn               a - ring of Leremi {rN+ rCorr EV+4}

@: brilliant, spiked, flying, contaminated, glowing
A: sickness immunity, fire resistance 2, cold vulnerability 1, float, innate
caster, HP casting, extra vitality 1
a: Renounce Religion, Recall Undead Harvest


You were on level 12 of the Dungeon.
You worshipped Yredelemnul.
Yredelemnul was noncommittal.
You visited 1 branch of the dungeon, and saw 12 of its levels.
You also visited: Gauntlet.

You collected 766 gold pieces.
You spent 120 gold pieces at shops.

Inventory:

Hand Weapons
 i - a +3 dagger
 l - a +2 hunting sling of flaming
 m - a +2 flail of venom
 v - a +5 antimagic scythe
 A - a +2 war axe of flaming
 H - a +0 vorpal quarterstaff
 R - a +5 falchion of freezing (weapon)
Missiles
 h - 233 stones (quivered)
 I - 9 poisoned darts
 L - 2 boomerangs
 N - 3 boomerangs of dispersal
 W - 10 javelins
Armour
 b - a +0 hat of willpower (worn)
 f - a +3 leather armour
 j - the +6 chain mail of Pominimp {rC+ Str+3}
   (You found it on level 12 of the Dungeon)

   Str:       It affects your strength (+3).
   rC:        It protects you from cold.
 n - a +0 kite shield (worn)
 r - the +0 cloak of the Gate (worn) {Fly Dex+7}
   (You found it on level 3 of the Dungeon)

   Dex:       It affects your dexterity (+7).
   Fly:       It grants you flight.
 D - the +2 cloak of Lifelessness {rCorr MP+9 Str+2}
   (You found it on level 5 of the Dungeon)

   Str:       It affects your strength (+2).
   MP:        It affects your magic capacity (+9).
   rCorr:     It protects you from acid and corrosion.
 E - the +3 ring mail of Paranoia (worn) {rElec Dex+4}
   (You found it on level 5 of the Dungeon)

   Dex:       It affects your dexterity (+4).
   rElec:     It insulates you from electricity.
 P - a +0 pair of gloves (worn)
 Z - a scarf of resistance
Jewellery
 a - the ring of Leremi (right hand) {rN+ rCorr EV+4}
   (You found it in a Gauntlet)

   [ring of evasion]

   EV:        It affects your evasion (+4).
   rN:        It protects you from negative energy.
   rCorr:     It protects you from acid and corrosion.
 p - a +4 ring of protection (left hand)
 z - a ring of protection from fire
 U - a ring of protection from cold
Wands
 s - a wand of digging (3)
 u - a wand of mindburst (21)
 y - a wand of polymorph (4)
 F - a wand of flame (11)
 S - a wand of iceblast (5)
Scrolls
 x - a scroll of magic mapping
 B - 4 scrolls of immolation {unknown}
 M - a scroll of enchant armour
 O - 3 scrolls of teleportation
 Q - a scroll of enchant weapon
 V - a scroll of noise {unknown}
 X - a scroll of fear
 Y - a scroll of blinking {unknown}
Potions
 c - a potion of brilliance
 d - 2 potions of might {unknown}
 e - a potion of ambrosia {unknown}
 g - 4 potions of attraction {unknown}
 k - 2 potions of berserk rage {unknown}
 o - 3 potions of curing
 q - a potion of cancellation
 t - a potion of mutation {unknown}
 w - 2 potions of flight {unknown}
 G - a potion of magic {unknown}
 J - 2 potions of heal wounds
 K - 2 potions of degeneration {unknown}


   Skills:
 * Level 8.8 Fighting
 + Level 1.0 Short Blades
 + Level 1.7 Polearms
 + Level 4.9 Armour
 + Level 4.7 Dodging
 + Level 3.9 Stealth
 + Level 0.1 Shields
 + Level 12.7 Spellcasting


You had 9 spell levels left.
You knew the following spells:

 Your Spells              Type           Power      Damage    Failure   Level
a - Foxfire               Conj/Fire      100%       2x1d9     1%          1
b - Scorch                Fire           100%       2d10      1%          2
c - Conjure Flame         Conj/Fire      81%        6-21      1%          3
d - Inner Flame           Hex/Fire       81%        N/A       1%          3
e - Flame Wave            Conj/Fire      81%        2d14      2%          4
f - Slow                  Hex            100%       N/A       1%          1
g - Passwall              Tmut/Erth      67%        N/A       1%          2
h - Spider Form           Tmut/Pois      81%        N/A       1%          3
i - Frozen Ramparts       Ice            100%       1d12      1%          3
j - Irradiate             Conj/Tmut      40%        3d27      8%          5
Your spell library was empty.

Dungeon Overview and Level Annotations

Branches:
Dungeon (12/15)            Temple (0/1) D:4            Lair (0/6) D:9
Gauntlet (visited)
    Orc: D:9-12

Altars:
Cheibriados
Hepliaklqana
Kikubaaqudgha
Makhleb
Nemelex Xobeh
Qazlal
Uskayaw
Xom
Yredelemnul

Shops:
D:6 *

Annotations:
D:7 2 transporters, hawla's ghost, novice FeFE
D:10 2 transporters
D:12 Frances


Innate Abilities, Weirdness & Mutations

You are immune to sickness and miasma.
You are immune to poison.
Your flesh is very heat resistant. (rF++)
You are vulnerable to cold. (rC-)
You float through the air rather than walking.
You learn spells naturally, not from books.
Your magical power is your life essence.
You have superior vitality. (+4 MHP)


Message History

The wolf spider bites you but does no damage.
Casting: Irradiate (dangerous; 8% risk of failure)
Confirm with . or Enter, or press ? or * to list all spells.
You feel a surge of power!
You erupt in a fountain of uncontrolled magic!
The queen bee is blasted with magical radiation!!!
You kill the queen bee!
The centaur warrior is blasted with magical radiation!!
The centaur warrior is heavily wounded.
The centaur warrior twists and deforms.
The wolf spider is blasted with magical radiation!!!
The wolf spider is severely wounded.
The wolf spider twists and deforms.
You are lightly contaminated with residual magic.
The centaur warrior closely misses you. You block the centaur warrior's attack.
You block the wolf spider's attack.
The wolf spider bites you but does no damage.
Casting: Irradiate (dangerous; 8% risk of failure)
Confirm with . or Enter, or press ? or * to list all spells.
You feel a surge of power!
You erupt in a fountain of uncontrolled magic!
The centaur warrior is blasted with magical radiation!!!
You kill the centaur warrior!
The wolf spider is blasted with magical radiation!!
You kill the wolf spider!
You are contaminated with residual magic.
* * * LOW HITPOINT WARNING * * *
Casting: Irradiate (dangerous; 8% risk of failure)
Confirm with . or Enter, or press ? or * to list all spells.
You feel a surge of power!
You erupt in a fountain of uncontrolled magic!
The ettin is blasted with magical radiation!!
The ettin is moderately wounded.
The ettin twists and deforms.
* * * LOW HITPOINT WARNING * * *
The ettin hits you with a +0 dire flail of protection.
* * * LOW HITPOINT WARNING * * *
The ettin hits you with a +0 dire flail!!
You die...
Your body rises from the dead as a mindless zombie.

####
####...######
?).......!([###
...............
....?..C)....#
##### #....@#
#.... ###.###
#.... # #....
#.... #....
#.... #....
#.... #..##


You could see an ettin (misshapen).

Vanquished Creatures
  A quicksilver ooze (Gauntlet)
  A minotaur (Gauntlet)
  3 boulder beetles
  A centaur warrior (D:12)
  A two-headed ogre (D:12)
  Nergalle (D:11)
  A sixfirhy (Gauntlet)
  A wolf spider (D:12)
  A cyclops (D:8)
  2 manticores (D:11)
  Joseph (D:7)
  2 gargoyles
  A kobold demonologist (D:9)
  A troll (D:11)
  A queen bee (shapeshifter) (D:12)
  A raiju (Gauntlet)
  Sigmund (D:4)
  3 wyverns (D:9)
  A wraith (D:12)
  19 yaks
  Grum (D:10)
  2 vampire mosquitoes (D:10)
  5 water moccasins
  2 orc warriors
  8 spectral yaks
  2 necrophages
  2 black bears
  3 wolves (D:10)
  2 ice beasts
  3 ogres
  3 centaurs
  A spectral cyclops (D:8)
  2 kobold brigands
  2 phantoms (D:5)
  A spectral black bear (D:5)
  3 scorpions
  A gnoll sergeant (D:11)
  A water moccasin zombie (D:9)
  2 yak zombies (D:11)
  A spectral wolf (D:10)
  8 killer bees
  A wolf zombie (D:10)
  3 howler monkeys (D:7)
  9 wights
  A centaur zombie (D:9)
  A hound (D:6)
  4 orc priests
  2 bullfrog skeletons
  An iguana (D:7)
  Ijyb (D:4)
  A scorpion zombie (D:9)
  10 orc wizards
  2 spectral gnolls
  A killer bee zombie (D:9)
  3 gnolls (D:11)
  8 adders
  A white imp (D:6)
  2 ufetubi
  3 worms
  6 dart slugs
  31 orcs
  7 bats
  5 endoplasms
  2 giant cockroaches
  11 goblins
  5 hobgoblins
  8 jackals
  4 quokkas
  9 ball pythons
  17 frilled lizards
  22 kobolds
  A kobold zombie (D:9)
  3 orc zombies
  5 rats
  5 spectral kobolds
  2 spectral orcs (D:9)
  2 foxfires
298 creatures vanquished.

Vanquished Creatures (collateral kills)
  A steam dragon (Gauntlet)
  Menkaure (D:4)
  A centaur (D:8)
  2 killer bees (D:7)
  A bullfrog skeleton (D:7)
  2 adders
  An ufetubus (Gauntlet)
  3 orcs
  A kobold (D:9)
  A foxfire (D:9)
14 creatures vanquished.

Vanquished Creatures (others)
  A two-headed ogre zombie (D:12)
  A water moccasin zombie (D:7)
  2 spectral ice beasts
  A black bear zombie (D:7)
  2 killer bee zombies
  A necrophage zombie (D:8)
  A howler monkey zombie (D:7)
  An adder zombie (D:6)
  A ball python zombie (D:4)
  A dart slug zombie (D:4)
  2 goblin zombies (D:4)
  20 orc zombies
  A spectral endoplasm (D:4)
  A spectral ufetubus (D:4)
  26 demonic plants (Gauntlet)
  787 foxfires
  5 fungi (D:9)
  14 plants (D:9)
  6 withered plants (D:8)
874 creatures vanquished.

Grand Total: 1186 creatures vanquished

Notes
Turn   | Place    | Note
-------+----------+-------------------------------------------
     0 | D:1      | unlimited1921 the Djinni Fire Elementalist began the quest
                  | for the Orb.
     0 | D:1      | Reached XP level 1. HP: 15/15 MP: 0/0
   327 | D:1      | Reached XP level 2. HP: 17/21 MP: 0/0
   722 | D:1      | Reached skill level 3 in Spellcasting
   727 | D:1      | Reached XP level 3. HP: 18/25 MP: 0/0
   727 | D:1      | Learned a level 1 spell: Slow
  1942 | D:1      | Reached XP level 4. HP: 28/31 MP: 0/0
  3788 | D:2      | Reached XP level 5. HP: 33/35 MP: 0/0
  3788 | D:2      | Learned a level 2 spell: Passwall
  4207 | D:3      | Found a basalt altar of Yredelemnul.
  4369 | D:3      | Became a worshipper of Yredelemnul the Dark
  4419 | D:3      | Reached skill level 4 in Spellcasting
  4800 | D:3      | Identified the +0 cloak of the Gate {Fly Dex+7}
  5339 | D:3      | Reached * piety under Yredelemnul
  5342 | D:3      | Found a stormy altar of Qazlal.
  5785 | D:4      | Found a staircase to the Ecumenical Temple.
  5815 | D:4      | Noticed Sigmund
  5823 | D:4      | Killed Sigmund
  5824 | D:4      | Reached skill level 1 in Fighting
  5824 | D:4      | Reached skill level 1 in Armour
  5824 | D:4      | Reached XP level 6. HP: 31/42 MP: 0/0
  5955 | D:4      | Noticed a necrophage
  5960 | D:4      | Killed a necrophage
  5961 | D:4      | Reached XP level 7. HP: 43/49 MP: 0/0
  5961 | D:4      | Learned a level 3 spell: Spider Form
  5964 | D:4      | Noticed Menkaure
  5970 | D:4      | Killed Menkaure
  5971 | D:4      | Reached skill level 5 in Spellcasting
  6346 | D:4      | Reached ** piety under Yredelemnul
  6471 | D:4      | Noticed Ijyb
  6495 | D:4      | Killed Ijyb
  6663 | D:5      | Entered Level 5 of the Dungeon
  6673 | D:5      | Reached XP level 8. HP: 45/55 MP: 0/0
  7093 | D:5      | Identified the +2 cloak of Lifelessness {rCorr MP+9 Str+2}
  7123 | D:5      | Reached skill level 1 in Short Blades
  7263 | D:5      | Identified the +3 ring mail of Paranoia {rElec Dex+4}
  7766 | D:5      | Reached skill level 6 in Spellcasting
  8275 | D:6      | Reached XP level 9. HP: 58/62 MP: 0/0
  8275 | D:6      | Learned a level 3 spell: Frozen Ramparts
  8988 | D:6      | Found Vigio's General Store.
  8994 | D:6      | Bought a potion of heal wounds for 75 gold pieces
  8994 | D:6      | Bought a potion of curing for 45 gold pieces
  9133 | D:6      | Found a sparkling altar of Nemelex Xobeh.
  9889 | D:7      | Reached skill level 7 in Spellcasting
 10550 | D:7      | Reached *** piety under Yredelemnul
 10569 | D:7      | Found a transporter.
 10573 | D:7      | Noticed a moth of wrath
 10573 | D:7      | Noticed hawla's ghost (novice FeFE)
 10623 | D:7      | Found a transporter.
 10916 | D:7      | Noticed Joseph
 10966 | D:7      | Killed Joseph
 10967 | D:7      | Reached skill level 5 in Fighting
 10967 | D:7      | Reached skill level 8 in Spellcasting
 11164 | D:7      | Reached XP level 10. HP: 66/70 MP: 0/0
 11203 | D:7      | Found a hide-covered altar of Uskayaw.
 11203 | D:7      | Found a snail-covered altar of Cheibriados.
 11229 | D:7      | Found a burning altar of Makhleb.
 11235 | D:7      | Reached skill level 1 in Polearms
 11281 | D:7      | Found a shimmering altar of Xom.
 11640 | D:8      | Noticed a cyclops
 12377 | D:8      | Killed a cyclops
 12378 | D:8      | Reached skill level 9 in Spellcasting
 12889 | D:8      | Found a hazy altar of Hepliaklqana.
 13053 | D:9      | Noticed a gargoyle
 13064 | D:9      | Killed a gargoyle
 13082 | D:9      | Noticed a kobold demonologist
 13289 | D:9      | Killed a kobold demonologist
 13667 | D:9      | Reached skill level 10 in Spellcasting
 13688 | D:9      | Reached XP level 11. HP: 45/76 MP: 0/0
 13688 | D:9      | Learned a level 5 spell: Irradiate
 14769 | D:9      | Found a staircase to the Lair.
 14845 | D:9      | Noticed a boulder beetle
 15243 | D:9      | Killed a boulder beetle
 15800 | D:10     | Entered Level 10 of the Dungeon
 15822 | D:10     | Reached skill level 11 in Spellcasting
 16016 | D:10     | Noticed Grum
 16024 | D:10     | Killed Grum
 16342 | D:10     | Found a transporter.
 16383 | D:10     | Noticed a boulder beetle
 16390 | D:10     | Killed a boulder beetle
 16767 | D:10     | Found a transporter.
 16773 | D:10     | Noticed an ogre mage
 16775 | D:10     | Noticed an orc sorcerer
 16776 | D:10     | Noticed a two-headed ogre
 16991 | D:11     | Noticed Nergalle
 16995 | D:11     | Killed Nergalle
 17657 | D:11     | Noticed a boulder beetle
 17671 | D:11     | Reached XP level 12. HP: 48/86 MP: 0/0
 17833 | D:11     | Killed a boulder beetle
 17975 | D:11     | Reached skill level 12 in Spellcasting
 18538 | D:12     | Found a gate leading to a gauntlet.
 18551 | Gauntlet | Entered a Gauntlet
 18551 | Gauntlet | Found a transporter.
 18551 | Gauntlet | Found a transporter.
 18551 | Gauntlet | Found a large runed translucent door.
 18551 | Gauntlet | Found a large runed translucent door.
 18551 | Gauntlet | Found a large runed translucent door.
 18551 | Gauntlet | Found a large runed translucent door.
 18551 | Gauntlet | Found a large runed translucent door.
 18551 | Gauntlet | Found a large runed translucent door.
 18551 | Gauntlet | Found a runed translucent door.
 18551 | Gauntlet | Found a runed translucent door.
 18551 | Gauntlet | Found a large runed translucent door.
 18551 | Gauntlet | Found a large runed translucent door.
 18551 | Gauntlet | Found a large runed translucent door.
 18551 | Gauntlet | Found a large runed translucent door.
 18551 | Gauntlet | Found a large runed translucent door.
 18551 | Gauntlet | Found a large runed translucent door.
 18555 | Gauntlet | Found a transporter.
 18555 | Gauntlet | Found a transporter.
 18560 | Gauntlet | Found a large runed translucent door.
 18560 | Gauntlet | Found a large runed translucent door.
 18562 | Gauntlet | Found a runed translucent gate.
 18562 | Gauntlet | Found a runed translucent gate.
 18562 | Gauntlet | Found a runed translucent gate.
 18573 | Gauntlet | Found a transporter.
 18574 | Gauntlet | Found a transporter.
 18576 | Gauntlet | Found a transporter.
 18580 | Gauntlet | Found a transporter.
 18583 | Gauntlet | Noticed a quicksilver ooze
 18593 | Gauntlet | Noticed a great orb of eyes
 18610 | Gauntlet | Found a transporter.
 18626 | Gauntlet | Found a transporter.
 18648 | Gauntlet | Found a transporter.
 18670 | Gauntlet | Found a transporter.
 18671 | Gauntlet | Noticed a sixfirhy
 18688 | Gauntlet | Found a large runed translucent door.
 18689 | Gauntlet | Found a large runed translucent door.
 18716 | Gauntlet | Found a transporter.
 18732 | Gauntlet | Found a transporter.
 18834 | Gauntlet | Found a transporter.
 18856 | Gauntlet | Found a transporter.
 19118 | Gauntlet | Killed a sixfirhy
 19250 | Gauntlet | Killed a quicksilver ooze
 19513 | Gauntlet | Identified the ring of Leremi {rN+ rCorr EV+4}
 19595 | Gauntlet | Noticed a minotaur
 19602 | Gauntlet | Killed a minotaur
 20198 | D:12     | Identified the +6 chain mail of Pominimp {rC+ Str+3}
 20417 | D:12     | Noticed a two-headed ogre
 20427 | D:12     | Killed a two-headed ogre
 20566 | D:12     | Noticed Frances
 20609 | D:12     | Noticed a centaur warrior
 20609 | D:12     | Noticed an ettin
 20614 | D:12     | Killed a centaur warrior
 20615 | D:12     | Slain by an ettin

Illustrated notes

Levels and vault maps discovered:
D:1:      evilmike_arrival_hilbert_curve, layout_rooms, minmay_lizard_pond
D:2:      layout_loops_ring
D:3:      layout_basic, lemuel_tele_altar, old_standard_altar, chequers_jeans
D:4:      kennysheep_the_goblin_king, layout_rooms, minmay_temple_entry_grid,
          minmay_misc_feat_roman, uniq_sigmund, uniq_menkaure
D:5:      layout_layer_cave
D:6:      layout_cave_pods, lemuel_doored_altar, serial_shops, shop
D:7:      layout_basic, nicolae_overflow_crystal_walls,
          gammafunk_temple_overflow_claw, gammafunk_ghost_berserking_beasts,
          uniq_joseph
D:8:      layout_cave_pools, nicolae_hepliaklqana_hippocampus,
          kiku_gazebo_garden_becter
D:9:      layout_basic, minmay_lair_entry_grove
D:10:     gammafunk_beogh_shrine, layout_loops_ring, uniq_grum
D:11:     layout_roguey, uniq_nergalle
D:12:     thingy_vault, layout_gridville, hiddenorc1_lemuel,
          gauntlet_entry_generic, nicolae_fountain_basement, uniq_frances

Skill      XL: |  1  2  3  4  5  6  7  8  9 10 11 12 |
---------------+-------------------------------------+-----
Spellcasting   | 3 4 5 6 8 10 11 12 | 12.7
Fighting       | 1 2 3 5 6 7 8 |  8.8
Armour         | 1 2 3 4 |  4.9
Stealth        | 2 3 |  3.9
Short Blades   | 1 |  1.0
Polearms       | 1 |  1.7
Dodging        | 3 4 |  4.7
Shields        | |  0.1

Action                   |  1- 3 |  4- 6 |  7- 9 | 10-12 || total
-------------------------+-------+-------+-------+-------++-------
Melee: Dagger            |       |    20 |       |       ||    20
       Scythe            |       |       |     8 |     7 ||    15
Throw: Dart              |       |       |       |     1 ||     1
       Throwing net      |       |       |       |     1 ||     1
 Cast: Foxfire           |    76 |    94 |   106 |   198 ||   474
       Scorch            |       |     5 |    61 |    90 ||   156
       Spider Form       |       |       |     1 |       ||     1
       Inner Flame       |       |       |     1 |    56 ||    57
       Frozen Ramparts   |       |       |     2 |     8 ||    10
       Slow              |       |       |       |     2 ||     2
       Irradiate         |       |       |       |    35 ||    35
       Flame Wave        |       |       |       |     1 ||     1
  Use: Scroll            |       |       |     5 |     6 ||    11
       Potion            |       |       |       |     4 ||     4
 Stab: Distracted        |       |       |     1 |       ||     1
Armor: Robe              |     2 |       |     1 |       ||     3
       Leather armour    |       |     6 |     2 |    38 ||    46
       Ring mail         |       |       |     2 |     7 ||     9
Dodge: Dodged            |     7 |    12 |    22 |    72 ||   113
Block: Kite shield       |       |       |       |     6 ||     6
